 Dungeon Crawl Stone Soup version 0.20-a0-623-gaf3b657 (webtiles) character file.

30 Laan the Cutter (level 3, 0/34 HPs)
             Began as a Kobold Berserker on Feb 10, 2017.
             Was a Follower of Trog.
             Slain by a worm (3 damage)
             ... on level 2 of the Dungeon.
             The game lasted 00:02:17 (909 turns).

Laan the Cutter (Kobold Berserker)                   Turns: 909, Time: 00:02:18

Health: 0/34       AC:  3    Str: 19    XL:     3   Next: 35%
Magic:  3/3        EV: 15    Int:  8    God:    Trog [*.....]
Gold:   107        SH:  0    Dex: 15    Spells: 2/2 levels left

rFire    . . .     SeeInvis .   a - +0 short sword
rCold    . . .     Gourm    .   b - +0 animal skin
rNeg     . . .     Faith    .   (shield restricted)
rPois    .         Spirit   .   (no helmet)
rElec    .         Reflect  .   (no cloak)
rCorr    .         Harm     .   (no gloves)
MR       .....                  i - +0 pair of boots
Stlth    ..........             (no amulet)
Regen    0.2/turn               (no ring)
                                (no ring)

@: berserking (expiring), very quick
A: carnivore 3
a: Berserk, Burn Spellbooks, Renounce Religion


You were on level 2 of the Dungeon.
You worshipped Trog.
Trog was aware of your devotion.
You were very full.

You visited 1 branch of the dungeon, and saw 2 of its levels.

You collected 107 gold pieces.

Inventory:

Hand Weapons
 a - a +0 short sword (weapon)
Armour
 b - a +0 animal skin (worn)
 i - a +0 pair of boots (worn)
Scrolls
 d - 4 scrolls of recharging {unknown}
 e - 5 scrolls of identify {unknown}
 f - a scroll of random uselessness {unknown}
 h - a scroll of fog {unknown}
 j - a scroll of teleportation {unknown}
Potions
 g - a potion of flight {unknown}
Comestibles
 c - a meat ration


   Skills:
 - Level 3.2 Fighting
 + Level 4.5 Short Blades
 - Level 1.5 Armour
 - Level 2.5 Dodging
 * Level 3.3 Stealth


You had 2 spell levels left.
You didn't know any spells.

Dungeon Overview and Level Annotations

Branches:
Dungeon (2/15)

Altars:
Ashenzari


Innate Abilities, Weirdness & Mutations

You are small and have problems with some larger weapons.
You are carnivorous and can eat meat at any time.


Message History

The frilled lizard hisses angrily.
You hit the worm.
The worm is moderately wounded.
The worm bites you!
* * * LOW HITPOINT WARNING * * *
You puncture the worm!
You kill the worm!
Trog accepts your kill.
You closely miss the kobold. You barely miss the kobold.
The kobold hits you but does no damage.
You closely miss the kobold. The kobold hits you with a whip.
* * * LOW HITPOINT WARNING * * *
You puncture the kobold!
You kill the kobold!
Trog accepts your kill. The frilled lizard barely misses you.
Things that are here:
a whip; a worm corpse You barely miss the worm.
The worm bites you.
You die...

#.# #.# #.# #####
##.##..... ##.......
#......# #.####...#.#
.......wl..#
..#####@#### #.
#.#####.# ...
##.......# ...
##...###### #.#
##.....## ##.#
##.......## ##..#
#.........####...#####
+.........+...........
#....†....####...#####


You could see a worm and a frilled lizard.

Vanquished Creatures
  A worm (D:2)
  3 dart slugs (D:1)
  A leopard gecko (D:2)
  3 giant cockroaches
  A goblin (D:1)
  2 jackals (D:1)
  A bat (D:1)
  3 frilled lizards
  3 kobolds
  3 rats
21 creatures vanquished.

Vanquished Creatures (others)
  A draconian (D:1)
  An octopode (D:1)
  A vine stalker (D:1)
  An elf (D:1)
  2 trolls (D:1)
  A vampire (D:1)
  2 humans (D:1)
  2 nagas (D:1)
  An ogre (D:1)
  2 centaurs (D:1)
  A kobold (D:1)
  8 tentacles (D:1)
23 creatures vanquished.

Grand Total: 44 creatures vanquished

Notes
Turn   | Place    | Note
-------+----------+-------------------------------------------
     0 | D:1      | Laan the Kobold Berserker began the quest for the Orb.
     0 | D:1      | Reached XP level 1. HP: 14/14 MP: 1/1
     2 | D:1      | Noticed a centaur
     2 | D:1      | Noticed an ogre
     2 | D:1      | Noticed a naga
     2 | D:1      | Noticed a draconian
     2 | D:1      | Noticed a vampire
     2 | D:1      | Noticed an octopode
     2 | D:1      | Noticed a centaur
     2 | D:1      | Noticed a vine stalker
     2 | D:1      | Noticed a kraken
     2 | D:1      | Noticed a troll
     2 | D:1      | Noticed a human
     2 | D:1      | Noticed a troll
     2 | D:1      | Noticed a human
     2 | D:1      | Noticed a naga
     2 | D:1      | Noticed an elf
     3 | D:1      | Killed a vine stalker
     4 | D:1      | Killed a centaur
     6 | D:1      | Killed an octopode
     8 | D:1      | Killed a vampire
    11 | D:1      | Killed an ogre
    13 | D:1      | Killed a naga
    14 | D:1      | Killed a centaur
    19 | D:1      | Killed a troll
    20 | D:1      | Killed a human
    21 | D:1      | Killed an elf
    21 | D:1      | Killed a draconian
    21 | D:1      | Killed a naga
    26 | D:1      | Killed a human
    29 | D:1      | Killed a troll
   228 | D:1      | Reached skill level 1 in Stealth
   264 | D:1      | Reached XP level 2. HP: 18/19 MP: 2/2
   265 | D:1      | Found a shattered altar of Ashenzari.
   610 | D:1      | Reached XP level 3. HP: 23/23 MP: 3/3
   909 | D:2      | Slain by a worm

Vault maps used:
D:1:      nicolae_arrival_kraken_aquarium_b, hex_tiny, ashenzari_altar_1

Skill      XL: |  1  2 |
---------------+-------+-----
Stealth        | 1 3 |  3.3
Fighting       | |  3.2
Short Blades   | |  4.5
Armour         | |  1.5
Dodging        | |  2.5

Action                   || total
-------------------------++-------
Melee: Short sword       ||    75
Invok: Berserk           ||     1
 Stab: Sleeping          ||     3
  Eat: Chunk             ||     8
Armor: Animal skin       ||     8
Dodge: Dodged            ||    48
